[ AOE2 MATCH · #505259539 ]
UnrankedByzantines vs Incas
Player's team · WIN
Rival team · LOSS
[ REPLAY ANALYSIS · EXTRACTED FROM THE RECORDED GAME ]
Feudal
10:37
Castle
19:43
Imperial
—
| APM avg | 87.0 |
| APM peak | 157 |
| eAPM avg | 22.9 |
| Villagers / military | 44 / 18 |
Focus
⚔️ 37.6% · 🌾 62.4%
Skirmisher ×14 · Militia ×3 · Spearman ×1
Feudal
9:42
Castle
—
Imperial
—
| APM avg | 38.5 |
| APM peak | 88 |
| eAPM avg | 19.5 |
| Villagers / military | 41 / 14 |
Focus
⚔️ 34.2% · 🌾 65.8%
Archer ×7 · Skirmisher ×6 · Spearman ×1
Match map
Initial resources + every placement click. Lines = walls · curves = elevation contours. ◆ gold · ⬟ stone · ● berries · ✦ relic · ◌ wall gap
Your base· Open — opponent sealed themselves in
Yoshi_AoE's base· Open — unwalled flank
Smoothed initial terrain · ◌ = detected wall gap · hover for details
Inputs per minute
— Black Lotus - - Yoshi_AoE
Build order — Black Lotus
113 actions detected in the replay
| 0:00 | Create | Villager (Male) |
| 0:00 | Create | Villager (Male) |
| 0:00 | Create | Villager (Male) |
| 0:01 | Create | Villager (Male) |
| 0:01 | Create | Villager (Male) |
| 0:02 | Build | House |
| 0:03 | Build | House |
| 1:23 | Create | Villager (Male) |
| 1:52 | Create | Villager (Male) |
| 2:17 | Create | Villager (Male) |
| 2:40 | Build | Barracks |
| 2:43 | Create | Villager (Male) |
| 3:02 | Create | Villager (Male) |
| 3:09 | Build | House |
| 3:13 | Create | Villager (Male) |
| 3:30 | Create | Villager (Male) |
| 4:03 | Create | Militia |
| 4:11 | Build | House |
| 4:16 | Create | Villager (Male) |
| 4:29 | Create | Militia |
| 4:57 | Create | Villager (Male) |
| 5:05 | Create | Militia |
| 5:20 | Create | Villager (Male) |
| 5:44 | Create | Villager (Male) |
| 6:42 | Create | Villager (Male) |
| 6:52 | Create | Villager (Male) |
| 6:57 | Build | Lumber Camp |
| 7:13 | Create | Villager (Male) |
| 7:24 | Create | Villager (Male) |
| 7:30 | Research | Loom |
| 7:59 | Create | Villager (Male) |
| 8:06 | Build | House |
| 8:27 | Research | Feudal Age |
| 8:58 | Create | Villager (Male) |
| 9:11 | Build | Mill |
| 9:21 | Create | Villager (Male) |
| 9:24 | Build | House |
| 9:26 | Build | Palisade Wall |
| 9:27 | Build | Palisade Wall |
| 9:47 | Create | Villager (Male) |
| 10:00 | Create | Villager (Male) |
| 10:25 | Create | Villager (Male) |
| 10:35 | Create | Villager (Male) |
| 10:37 | Age | Feudal Age |
| 10:39 | Create | Villager (Male) |
| 10:41 | Build | Archery Range |
| 10:46 | Build | Archery Range |
| 10:47 | Build | House |
| 10:48 | Build | Palisade Wall |
| 10:55 | Research | Double-Bit Axe |
| 11:28 | Create | Villager (Male) |
| 11:29 | Create | Villager (Male) |
| 11:29 | Create | Skirmisher |
| 11:42 | Create | Skirmisher |
| 11:44 | Create | Villager (Male) |
| 11:46 | Build | Farm |
| 11:47 | Build | Farm |
| 11:52 | Create | Villager (Male) |
| 11:54 | Build | Farm |
| 11:59 | Create | Villager (Male) |
| 12:02 | Build | House |
| 12:36 | Create | Villager (Male) |
| 12:45 | Create | Villager (Male) |
| 12:46 | Create | Skirmisher |
| 12:47 | Build | Farm |
| 12:54 | Build | Farm |
| 13:06 | Build | Farm |
| 13:07 | Create | Villager (Male) |
| 13:11 | Create | Skirmisher |
| 13:20 | Create | Villager (Male) |
| 13:22 | Build | Farm |
| 13:26 | Build | House |
| 13:27 | Build | Palisade Wall |
| 13:40 | Create | Villager (Male) |
| 13:42 | Build | Farm |
| 13:45 | Create | Spearman |
| 13:49 | Create | Villager (Male) |
| 14:06 | Create | Skirmisher |
| 14:35 | Create | Villager (Male) |
| 14:36 | Create | Skirmisher |
| 14:37 | Build | Farm |
| 14:39 | Build | Lumber Camp |
| 14:59 | Create | Villager (Male) |
| 15:01 | Build | Farm |
| 15:24 | Create | Skirmisher |
| 15:24 | Create | Villager (Male) |
| 15:28 | Build | Blacksmith |
| 15:31 | Create | Skirmisher |
| 15:51 | Build | Mining Camp |
| 15:54 | Create | Skirmisher |
| 16:07 | Build | House |
| 16:26 | Research | Fletching |
| 16:29 | Create | Skirmisher |
| 16:55 | Build | House |
| 17:03 | Research | Castle Age |
| 17:21 | Create | Skirmisher |
| 17:31 | Build | Farm |
| 17:35 | Build | Farm |
| 17:36 | Research | Horse Collar |
| 17:38 | Build | Farm |
| 17:40 | Build | Farm |
| 17:41 | Create | Skirmisher |
| 18:07 | Create | Villager (Male) |
| 18:09 | Build | House |
| 18:11 | Build | Palisade Wall |
| 18:16 | Research | Fletching |
| 18:49 | Research | Padded Archer Armor |
| 18:52 | Create | Skirmisher |
| 19:26 | Create | Skirmisher |
| 19:27 | Create | Villager (Male) |
| 19:43 | Age | Castle Age |
| 19:45 | Research | Elite Skirmisher (upgrade) |
| 19:45 | Research | Bodkin Arrow |
Build order — Yoshi_AoE
112 actions detected in the replay
| 0:00 | Create | Villager (Male) |
| 0:01 | Create | Villager (Male) |
| 0:01 | Create | Villager (Male) |
| 0:02 | Build | House |
| 0:04 | Build | House |
| 0:32 | Create | Villager (Male) |
| 1:25 | Create | Villager (Male) |
| 1:56 | Create | Villager (Male) |
| 2:13 | Build | Settlement |
| 2:17 | Create | Villager (Male) |
| 2:42 | Create | Villager (Male) |
| 3:02 | Create | Villager (Male) |
| 3:30 | Create | Villager (Male) |
| 3:51 | Create | Villager (Male) |
| 4:05 | Create | Villager (Male) |
| 4:42 | Build | Settlement |
| 4:50 | Create | Villager (Male) |
| 5:04 | Create | Villager (Male) |
| 5:20 | Create | Villager (Male) |
| 5:39 | Research | Loom |
| 6:07 | Create | Villager (Male) |
| 6:31 | Build | Palisade Wall |
| 6:32 | Build | Palisade Wall |
| 6:35 | Build | Palisade Wall |
| 6:40 | Build | Palisade Wall |
| 6:41 | Build | Palisade Wall |
| 6:42 | Create | Villager (Male) |
| 6:56 | Create | Villager (Male) |
| 7:26 | Research | Feudal Age |
| 7:44 | Build | Barracks |
| 8:21 | Build | Settlement |
| 8:59 | Create | Villager (Male) |
| 9:20 | Build | Palisade Wall |
| 9:22 | Build | Palisade Wall |
| 9:24 | Build | Palisade Wall |
| 9:26 | Build | Palisade Wall |
| 9:42 | Age | Feudal Age |
| 9:44 | Build | Archery Range |
| 9:49 | Research | Double-Bit Axe |
| 9:51 | Create | Villager (Male) |
| 10:08 | Build | Palisade Wall |
| 10:16 | Create | Villager (Male) |
| 10:38 | Build | Settlement |
| 10:46 | Create | Archer |
| 10:49 | Create | Villager (Male) |
| 11:03 | Build | Palisade Wall |
| 11:06 | Create | Villager (Male) |
| 11:11 | Build | Palisade Wall |
| 11:15 | Build | Palisade Wall |
| 11:21 | Create | Villager (Male) |
| 11:23 | Create | Skirmisher |
| 11:42 | Create | Skirmisher |
| 11:44 | Build | Farm |
| 11:47 | Build | Farm |
| 12:08 | Create | Skirmisher |
| 12:12 | Create | Villager (Male) |
| 12:17 | Build | Farm |
| 12:34 | Create | Spearman |
| 12:36 | Create | Archer |
| 12:53 | Create | Skirmisher |
| 12:54 | Create | Villager (Male) |
| 13:15 | Build | Palisade Wall |
| 13:24 | Create | Archer |
| 13:26 | Build | Farm |
| 13:40 | Create | Villager (Male) |
| 13:49 | Create | Villager (Male) |
| 14:04 | Create | Villager (Male) |
| 14:10 | Build | Blacksmith |
| 14:22 | Create | Archer |
| 14:29 | Create | Villager (Male) |
| 14:32 | Build | Farm |
| 14:40 | Build | Farm |
| 14:53 | Create | Archer |
| 14:53 | Create | Villager (Male) |
| 15:02 | Build | Farm |
| 15:26 | Create | Villager (Male) |
| 15:31 | Build | Farm |
| 15:33 | Research | Town Watch |
| 15:40 | Build | Farm |
| 15:41 | Create | Villager (Male) |
| 15:47 | Build | Palisade Wall |
| 15:48 | Create | Villager (Male) |
| 15:59 | Build | House |
| 16:02 | Build | Palisade Wall |
| 16:16 | Create | Skirmisher |
| 16:17 | Create | Villager (Male) |
| 16:20 | Build | Farm |
| 16:24 | Build | Farm |
| 16:32 | Create | Villager (Male) |
| 16:42 | Create | Villager (Male) |
| 16:48 | Build | Farm |
| 17:04 | Create | Villager (Male) |
| 17:15 | Build | House |
| 17:16 | Build | Palisade Wall |
| 17:28 | Build | Farm |
| 17:31 | Build | Farm |
| 17:47 | Create | Villager (Male) |
| 17:53 | Build | Palisade Wall |
| 18:05 | Build | Farm |
| 18:11 | Create | Archer |
| 18:31 | Build | House |
| 18:38 | Create | Archer |
| 18:55 | Build | Market |
| 19:00 | Create | Villager (Male) |
| 19:10 | Build | House |
| 19:15 | Build | House |
| 19:16 | Create | Villager (Male) |
| 19:28 | Build | House |
| 19:32 | Build | Palisade Wall |
| 19:36 | Build | Palisade Wall |
| 19:41 | Build | House |
| 19:42 | Create | Skirmisher |
Match timeline
| 2:40 | Black Lotus · first_building Barracks |
| 6:31 | Yoshi_AoE · wall_segment Palisade Wall x1 |
| 6:32 | Yoshi_AoE · wall_segment Palisade Wall x1 |
| 6:35 | Yoshi_AoE · wall_segment Palisade Wall x1 |
| 6:40 | Yoshi_AoE · wall_segment Palisade Wall x2 |
| 6:41 | Yoshi_AoE · wall_segment Palisade Wall x1 |
| 7:44 | Yoshi_AoE · first_building Barracks |
| 9:20 | Yoshi_AoE · wall_segment Palisade Wall x1 |
| 9:22 | Yoshi_AoE · wall_segment Palisade Wall x1 |
| 9:24 | Yoshi_AoE · wall_segment Palisade Wall x1 |
| 9:26 | Yoshi_AoE · wall_segment Palisade Wall x1 |
| 9:26 | Black Lotus · wall_segment Palisade Wall x1 |
| 9:27 | Black Lotus · wall_segment Palisade Wall x1 |
| 9:42 | Yoshi_AoE · age_up feudal |
| 9:44 | Yoshi_AoE · first_building Archery Range |
| 10:08 | Yoshi_AoE · wall_segment Palisade Wall x1 |
| 10:37 | Black Lotus · age_up feudal |
| 10:41 | Black Lotus · first_building Archery Range |
| 10:48 | Black Lotus · wall_segment Palisade Wall x1 |
| 11:03 | Yoshi_AoE · wall_segment Palisade Wall x8 |
| 11:11 | Yoshi_AoE · wall_segment Palisade Wall x1 |
| 11:15 | Yoshi_AoE · wall_segment Palisade Wall x1 |
| 13:15 | Yoshi_AoE · wall_segment Palisade Wall x17 |
| 13:27 | Black Lotus · wall_segment Palisade Wall x1 |
| 15:47 | Yoshi_AoE · wall_segment Palisade Wall x4 |
| 16:02 | Yoshi_AoE · wall_segment Palisade Wall x19 |
| 17:16 | Yoshi_AoE · wall_segment Palisade Wall x6 |
| 17:53 | Yoshi_AoE · wall_segment Palisade Wall x9 |
| 18:11 | Black Lotus · wall_segment Palisade Wall x5 |
| 19:32 | Yoshi_AoE · wall_segment Palisade Wall x1 |
| 19:36 | Yoshi_AoE · wall_segment Palisade Wall x1 |
| 19:43 | Black Lotus · age_up castle |
| 19:58 | Yoshi_AoE · resign |
[ AI ANALYSIS · 1 CREDIT ]
What really happened in this match?
Wolo.gg analyzes every decision: build order, eco, micro, common mistakes by bracket. Personalized analysis on WhatsApp or Discord in 30 seconds.
Civ guide
Byzantines
Perfil
Jugador #941790